ORI
UNIVERSITY OF FLORIDA GATORS @ UNIVERSITY OF MAINE BLACK BEARS
10/16/2045
 
TOP OF THE 1ST
University of Florida Gators batting - Pitching for University of Maine Black Bears : RHP Dillon Atkinson
Pitching: RHP Dillon Atkinson
Batting: RHB Kazumi Inouye 0-0: Ball
1-0: Foul Ball, location: 2F
1-1: Called Strike
1-2: Strikes out swinging
Batting: SHB Jim Unknown 0-0: Called Strike
0-1: Ball
1-1: Ball
2-1: Reached on error, E4 (Groundball, 34, EV 81.2 MPH)
Batting: RHB Luis Cabera 0-0: Swinging Strike
0-1: Ball
1-1: Foul Ball, location: 2F
1-2: Ball
2-2: Foul Ball, location: 2F
2-2: Foul Ball, location: 2F
2-2: DOUBLE (Line Drive, 7LM, EV 103.8 MPH)
Jim Unknown scores
Batting: RHB Ryan Jennings 0-0: Called Strike
0-1: Foul Ball, location: 2F
0-2: Ball
Wild Pitch!
Luis Cabera to third
1-2: Ball
2-2: Ball
3-2: SINGLE (Line Drive, 89S, EV 100.0 MPH)
Luis Cabera scores
Batting: RHB Jim Unknown 0-0: 2-RUN HOME RUN (Flyball, 9D, EV 98.1 MPH), Distance : 390 ft
Batting: LHB Kuan Hsia 0-0: Ball
1-0: Ground out 1-3 (Groundball, P, EV 69.4 MPH)
Batting: RHB Jim Unknown 0-0: Ball
1-0: Ball
2-0: Foul Ball, location: 2F
2-1: Ground out 6-3 (Groundball, 6, EV 89.4 MPH)
Top of the 1st over - 4 runs, 3 hits, 1 error, 0 left on base; University of Florida 4 - University of Maine 0
BOTTOM OF THE 1ST
University of Maine Black Bears batting - Pitching for University of Florida Gators : RHP Pete Griesser
Pitching: RHP Pete Griesser
Batting: RHB Jim Unknown 0-0: Called Strike
0-1: Ball
1-1: Ball
2-1: Called Strike
2-2: Foul Ball, location: 2F
2-2: Ball
3-2: Foul Ball, location: 2F
3-2: Strikes out looking
Batting: LHB Carlos Rivera 0-0: Swinging Strike
0-1: Ball
1-1: Called Strike
1-2: Foul Ball, location: 2F
1-2: Strikes out swinging
Batting: RHB Taizo Hotta 0-0: Ball
1-0: Ball
2-0: Ball
3-0: Called Strike
3-1: Ground out 4-3 (Groundball, 4S, EV 69.4 MPH)
Bottom of the 1st over - 0 runs, 0 hits, 0 errors, 0 left on base; University of Florida 4 - University of Maine 0
TOP OF THE 2ND
University of Florida Gators batting - Pitching for University of Maine Black Bears : RHP Dillon Atkinson
Batting: RHB Marco Morales 0-0: Called Strike
0-1: Fly out, F8 (Flyball, 8LM, EV 91.9 MPH)
Batting: RHB Jim Unknown 0-0: Ball
1-0: Swinging Strike
1-1: Ball
2-1: Swinging Strike
2-2: Ball
3-2: Base on Balls
Batting: RHB Kazumi Inouye 0-0: Called Strike
0-1: Foul Ball, location: 2F
0-2: Ball
1-2: Fielders Choice at 2nd, 5-4 (Groundball, 56, EV 104.4 MPH)
Batting: SHB Jim Unknown 0-0: Ball
Balk!
Kazumi Inouye to second
1-0: Ball
2-0: Hit by Pitch
Pitching: LHP Keith Rogers
Batting: RHB Luis Cabera 0-0: Called Strike
0-1: Called Strike
0-2: Ball
1-2: Ball
2-2: Foul Ball, location: 2F
2-2: Strikes out looking
Top of the 2nd over - 0 runs, 0 hits, 0 errors, 2 left on base; University of Florida 4 - University of Maine 0
BOTTOM OF THE 2ND
University of Maine Black Bears batting - Pitching for University of Florida Gators : RHP Pete Griesser
Batting: RHB Dennis Waters 0-0: Foul Ball, location: 2F
0-1: Swinging Strike
0-2: SINGLE (Groundball, 56D, EV 103.8 MPH)
Batting: RHB Jim Unknown 0-0: Foul Ball, location: 2F
0-1: Ball
1-1: Ball
2-1: Swinging Strike
2-2: SINGLE (Groundball, 34D, EV 104.4 MPH)
Dennis Waters to second
Runner from 2nd tries for 3rd, SAFE, no throw by RF
Batting: RHB Jay Mellon 0-0: Ball
1-0: Swinging Strike
1-1: SINGLE (Groundball, 4M, EV 96.9 MPH) (infield hit)
Dennis Waters scores
Jim Unknown to second
Batting: RHB Mark Cozens 0-0: Ball
1-0: Ball
2-0: SINGLE (Groundball, 6MD, EV 110.6 MPH)
Jim Unknown to third
Jay Mellon to second
Throwing error, E8
Jim Unknown scores
Jay Mellon to third
Mark Cozens to second
Batting: RHB Geoffrey Potter 0-0: Called Strike
0-1: Ball
1-1: Called Strike
1-2: Foul Ball, location: 2F
1-2: Strikes out swinging
Batting: LHB Taro Inamine 0-0: Foul Ball, location: 2F
0-1: Ball
1-1: Foul Ball, location: 2F
1-2: Strikes out swinging
Batting: RHB Jim Unknown 0-0: Called Strike
0-1: Ball
1-1: Foul Ball, location: 2F
1-2: SINGLE (Groundball, 6D, EV 104.4 MPH)
Jay Mellon scores
Mark Cozens to third
Runner from 3rd tries for Home, SAFE, throw by CF to home
Jim Unknown to second
Batting: LHB Carlos Rivera 0-0: Foul Ball, location: 2F
0-1: Called Strike
0-2: Ball
1-2: Foul Ball, location: 2F
1-2: Ball
2-2: Strikes out swinging
Bottom of the 2nd over - 4 runs, 5 hits, 1 error, 1 left on base; University of Florida 4 - University of Maine 4
TOP OF THE 3RD
University of Florida Gators batting - Pitching for University of Maine Black Bears : LHP Keith Rogers
Batting: RHB Ryan Jennings 0-0: Ball
1-0: Called Strike
1-1: Ball
2-1: Foul Ball, location: 2F
2-2: Strikes out swinging
Batting: RHB Jim Unknown 0-0: Swinging Strike
0-1: Swinging Strike
0-2: Strikes out swinging
Batting: LHB Kuan Hsia 0-0: Ball
1-0: Ball
2-0: Foul Ball, location: 2F
2-1: Ball
3-1: SINGLE (Flyball, 3D, EV 99.4 MPH)
Batting: RHB Jim Unknown Pickoff Throw to First - Out! 1-3
Top of the 3rd over - 0 runs, 1 hit, 0 errors, 0 left on base; University of Florida 4 - University of Maine 4
BOTTOM OF THE 3RD
University of Maine Black Bears batting - Pitching for University of Florida Gators : RHP Pete Griesser
Batting: RHB Taizo Hotta 0-0: Foul Ball, location: 2F
0-1: Ball
1-1: Called Strike
1-2: Ball
2-2: Ball
3-2: SINGLE (Line Drive, 78S, EV 91.2 MPH)
Batting: RHB Dennis Waters 0-0: Swinging Strike
0-1: Ball
1-1: Called Strike
1-2: Foul Ball, location: 2F
1-2: Foul Ball, location: 2F
1-2: SINGLE (Groundball, 34D, EV 97.5 MPH)
Taizo Hotta to second
Runner from 2nd tries for 3rd, SAFE, throw by RF made to third
Batting: RHB Jim Unknown 0-0: Called Strike
0-1: Ball
1-1: Swinging Strike
1-2: Ball
2-2: Strikes out looking
Batting: RHB Jay Mellon 0-0: Called Strike
0-1: Fly out, F8 (Line Drive, 8RD, EV 87.5 MPH)
Runner from 3rd tags up, SCORES, no throw by CF
Batting: RHB Mark Cozens 0-0: Called Strike
0-1: Ball
1-1: SINGLE (Flyball, 6D, EV 95.6 MPH)
Dennis Waters to second
Batting: RHB Geoffrey Potter 0-0: Swinging Strike
0-1: Foul Ball, location: 2F
0-2: Ball
1-2: SINGLE (Flyball, 9S, EV 91.9 MPH)
Dennis Waters to third
Mark Cozens to second
Pitching: RHP Mario Ayala
Batting: LHB Taro Inamine 0-0: Reached on error, E5 (Groundball, 56, EV 101.9 MPH)
Dennis Waters scores
Mark Cozens to third
Geoffrey Potter to second
Batting: RHB Jim Unknown 0-0: Swinging Strike
0-1: Ground out 4-3 (Groundball, 4, EV 89.4 MPH)
Bottom of the 3rd over - 2 runs, 4 hits, 1 error, 3 left on base; University of Florida 4 - University of Maine 6
TOP OF THE 4TH
University of Florida Gators batting - Pitching for University of Maine Black Bears : LHP Keith Rogers
Batting: RHB Jim Unknown 0-0: Called Strike
0-1: Swinging Strike
0-2: Ball
1-2: Foul Ball, location: 2F
1-2: Fly out, F9 (Flyball, 9LS, EV 88.1 MPH)
Batting: RHB Marco Morales 0-0: Ball
1-0: Ball
2-0: Ball
3-0: Called Strike
3-1: Base on Balls
Batting: RHB Jim Unknown 0-0: Ball
1-0: Foul Ball, location: 2F
1-1: Foul Ball, location: 2F
1-2: Foul Ball, location: 2F
1-2: Fly out, F9 (Flyball, 89M, EV 78.8 MPH)
Pitching: LHP German Baez
Batting: RHB Kazumi Inouye 0-0: Called Strike
0-1: Swinging Strike
0-2: Strikes out swinging
Top of the 4th over - 0 runs, 0 hits, 0 errors, 1 left on base; University of Florida 4 - University of Maine 6
BOTTOM OF THE 4TH
University of Maine Black Bears batting - Pitching for University of Florida Gators : RHP Mario Ayala
Pitching: LHP Jim Unknown
Batting: LHB Carlos Rivera 0-0: Ball
1-0: Ball
2-0: Called Strike
2-1: Ball
3-1: Base on Balls
Batting: RHB Taizo Hotta 0-0: Ball
1-0: Ball
2-0: Ball
3-0: Called Strike
3-1: Base on Balls
Carlos Rivera to second
Batting: RHB Dennis Waters 0-0: Called Strike
0-1: Swinging Strike
0-2: Ball
1-2: Ball
2-2: Ball
3-2: Strikes out looking
Batting: RHB Jim Unknown 0-0: Ball
1-0: SINGLE (Groundball, 6MD, EV 100.0 MPH)
Carlos Rivera to third
Taizo Hotta to second
Runner from 3rd tries for Home, throw by CF and OUT! 8-2
Batting: RHB Jay Mellon 0-0: Foul Ball, location: 2F
0-1: Ball
1-1: Foul Ball, location: 2F
1-2: 3-RUN HOME RUN (Flyball, 7D, EV 99.4 MPH), Distance : 386 ft
Batting: RHB Mark Cozens 0-0: Called Strike
0-1: SINGLE (Groundball, 4M, EV 103.1 MPH) (infield hit)
Batting: RHB Geoffrey Potter 0-0: Ball
1-0: Reached on error, E5 (Groundball, 5L, EV 76.9 MPH)
Mark Cozens to second
Batting: LHB Taro Inamine 0-0: Called Strike
0-1: Ball
1-1: Foul Ball, location: 2F
1-2: Strikes out looking
Bottom of the 4th over - 3 runs, 3 hits, 1 error, 2 left on base; University of Florida 4 - University of Maine 9
TOP OF THE 5TH
University of Florida Gators batting - Pitching for University of Maine Black Bears : LHP German Baez
Batting: SHB Jim Unknown 0-0: Ball
1-0: Foul Ball, location: 2F
1-1: Foul Ball, location: 2F
1-2: Ball
2-2: Ball
3-2: Strikes out looking
Batting: RHB Luis Cabera 0-0: Ball
1-0: Ball
2-0: SINGLE (Groundball, 56D, EV 97.5 MPH)
Batting: RHB Ryan Jennings 0-0: Ball
1-0: Foul Ball, location: 2F
1-1: Ball
2-1: 2-RUN HOME RUN (Flyball, 78XD, EV 99.4 MPH), Distance : 416 ft
Batting: RHB Jim Unknown 0-0: Ball
1-0: Swinging Strike
1-1: Ball
2-1: Foul Ball, location: 2F
2-2: Foul Ball, location: 2F
2-2: Ground out U3 (Groundball, 3, EV 102.5 MPH)
Batting: LHB Kuan Hsia 0-0: Called Strike
0-1: Called Strike
0-2: Strikes out swinging, 2-3 out at first.
Top of the 5th over - 2 runs, 2 hits, 0 errors, 0 left on base; University of Florida 6 - University of Maine 9
BOTTOM OF THE 5TH
University of Maine Black Bears batting - Pitching for University of Florida Gators : LHP Jim Unknown
Batting: RHB Jim Unknown 0-0: Called Strike
0-1: Fly out, F8 (Flyball, 78M, EV 84.4 MPH)
Batting: LHB Carlos Rivera 0-0: Ball
1-0: Ground out 6-3 (Groundball, 6, EV 87.5 MPH)
Batting: RHB Taizo Hotta 0-0: Foul Ball, location: 2F
0-1: Ball
1-1: Ball
2-1: Ball
3-1: Swinging Strike
3-2: DOUBLE (Line Drive, 7LM, EV 107.5 MPH)
Batting: RHB Dennis Waters 0-0: Ball
1-0: DOUBLE (Line Drive, 78D, EV 106.2 MPH)
Taizo Hotta scores
Pitching: RHP Jim Unknown
Batting: RHB Jim Unknown 0-0: Ball
1-0: Ball
Wild Pitch!
Dennis Waters to third
2-0: DOUBLE (Line Drive, 3D, EV 103.1 MPH)
Dennis Waters scores
Batting: RHB Jay Mellon 0-0: Foul Ball, location: 2F
0-1: Swinging Strike
Passed Ball!
Jim Unknown to third
0-2: Ball
1-2: Foul Ball, location: 2F
1-2: Reached on error, E5 (Groundball, 56, EV 79.4 MPH)
Jim Unknown scores
Batting: RHB Mark Cozens 0-0: Ball
1-0: SINGLE (Groundball, 34D, EV 103.8 MPH)
Jay Mellon to second
Runner from 2nd tries for 3rd, SAFE, throw by RF made to third
Batting: RHB Geoffrey Potter 0-0: Ball
1-0: SINGLE (Groundball, 56S, EV 93.8 MPH)
Jay Mellon scores
Mark Cozens to second
Batting: LHB Taro Inamine 0-0: Foul Ball, location: 2F
0-1: Hit by Pitch
Mark Cozens to third
Geoffrey Potter to second
Batting: RHB Jim Unknown 0-0: Called Strike
0-1: Ball
1-1: SINGLE (Groundball, 34D, EV 107.5 MPH)
Mark Cozens scores
Geoffrey Potter to third
Taro Inamine to second
Throwing error, E9
Geoffrey Potter scores
Taro Inamine to third
Jim Unknown to second
Batting: LHB Carlos Rivera 0-0: Ball
Wild Pitch!
Taro Inamine scores
Jim Unknown to third
1-0: Ball
2-0: Ball
3-0: Base on Balls
Pitching: LHP Jim Unknown
Batting: RHB Taizo Hotta 0-0: Called Strike
0-1: Foul Ball, location: 2F
0-2: Fly out, F1 (Line Drive, P, EV 65.6 MPH)
Bottom of the 5th over - 7 runs, 6 hits, 2 errors, 2 left on base; University of Florida 6 - University of Maine 16
TOP OF THE 6TH
University of Florida Gators batting - Pitching for University of Maine Black Bears : LHP German Baez
Batting: RHB Jim Unknown 0-0: Ball
1-0: Called Strike
1-1: SINGLE (Groundball, 4D, EV 93.8 MPH)
Batting: RHB Marco Morales 0-0: Ball
1-0: Called Strike
1-1: Ball
Wild Pitch!
Jim Unknown to second
2-1: Called Strike
2-2: Ground out 4-3 (Groundball, 4S, EV 85.6 MPH)
Jim Unknown to third
Pitching: RHP Ben Kasim
Batting: RHB Jim Unknown 0-0: Ball
1-0: Foul Ball, location: 2F
1-1: Ball
2-1: Foul Ball, location: 2F
2-2: Strikes out swinging
Batting: RHB Kazumi Inouye 0-0: Ball
1-0: Foul Ball, location: 2F
1-1: Swinging Strike
1-2: Ball
2-2: Strikes out swinging
Top of the 6th over - 0 runs, 1 hit, 0 errors, 1 left on base; University of Florida 6 - University of Maine 16
BOTTOM OF THE 6TH
University of Maine Black Bears batting - Pitching for University of Florida Gators : LHP Jim Unknown
Batting: RHB Dennis Waters 0-0: SINGLE (Line Drive, 7S, EV 111.2 MPH)
Batting: RHB Jim Unknown 0-0: Ball
1-0: Ball
2-0: Swinging Strike
2-1: Fly out, F8 (Flyball, 78D, EV 94.4 MPH)
Batting: RHB Jay Mellon 0-0: Ball
1-0: Fielders Choice at 2nd, 1-4 (Groundball, 15S, EV 68.1 MPH)
Batting: RHB Mark Cozens 0-0: Ball
1-0: Ball
2-0: Ball
3-0: Base on Balls
Jay Mellon to second
Batting: RHB Geoffrey Potter 0-0: DOUBLE (Flyball, 89D, EV 100.6 MPH)
Jay Mellon scores
Mark Cozens to third
Batting: LHB Taro Inamine 0-0: Called Strike
0-1: Ball
1-1: Fly out, F8 (Flyball, 8RS, EV 91.2 MPH)
Bottom of the 6th over - 1 run, 2 hits, 0 errors, 2 left on base; University of Florida 6 - University of Maine 17
TOP OF THE 7TH
University of Florida Gators batting - Pitching for University of Maine Black Bears : RHP Ben Kasim
Batting: SHB Jim Unknown 0-0: Foul Ball, location: 2F
0-1: Ball
1-1: Swinging Strike
1-2: Strikes out swinging
Batting: RHB Luis Cabera 0-0: DOUBLE (Line Drive, 7LM, EV 111.2 MPH)
Batting: RHB Ryan Jennings 0-0: Ball
1-0: Foul Ball, location: 2F
1-1: Foul Ball, location: 2F
1-2: Fly out, F5 (Popup, 5SF, EV 73.1 MPH)
Batting: RHB Jim Unknown 0-0: SINGLE (Groundball, 6MD, EV 101.9 MPH)
Luis Cabera to third
Runner from 3rd tries for Home, SAFE, throw by CF to home
Batting: LHB Kuan Hsia 0-0: Called Strike
0-1: Ball
1-1: Foul Ball, location: 2F
1-2: Strikes out swinging
Top of the 7th over - 1 run, 2 hits, 0 errors, 1 left on base; University of Florida 7 - University of Maine 17
BOTTOM OF THE 7TH
University of Maine Black Bears batting - Pitching for University of Florida Gators : LHP Jim Unknown
Batting: RHB Jim Unknown 0-0: Ground out 6-3 (Groundball, 56, EV 81.9 MPH)
Batting: LHB Carlos Rivera 0-0: Called Strike
0-1: Ball
1-1: Ground out 5-3 (Groundball, 56, EV 78.8 MPH)
Batting: RHB Taizo Hotta 0-0: Called Strike
0-1: Swinging Strike
0-2: Ball
1-2: Ball
2-2: Ball
3-2: Foul Ball, location: 2F
3-2: Foul Ball, location: 2F
3-2: Base on Balls
Batting: RHB Dennis Waters 0-0: Swinging Strike
0-1: Ball
1-1: Ball
2-1: Foul Ball, location: 2F
2-2: Ball
3-2: Foul Ball, location: 2F
3-2: Foul Ball, location: 2F
3-2: Base on Balls
Taizo Hotta to second
Batting: RHB Jim Unknown 0-0: Foul Ball, location: 2F
0-1: Ball
1-1: Ground out U3 (Groundball, 34, EV 90.0 MPH)
Bottom of the 7th over - 0 runs, 0 hits, 0 errors, 2 left on base; University of Florida 7 - University of Maine 17
TOP OF THE 8TH
University of Florida Gators batting - Pitching for University of Maine Black Bears : RHP Ben Kasim
Batting: RHB Jim Unknown 0-0: Foul Ball, location: 2F
0-1: Foul Ball, location: 2F
0-2: Ball
1-2: Ball
2-2: Strikes out swinging
Pitching: RHP Jim Unknown
Batting: RHB Marco Morales 0-0: Called Strike
0-1: Hit by Pitch
Batting: RHB Jim Unknown 0-0: Ball
1-0: Foul Ball, location: 2F
1-1: Ball
2-1: Ball
3-1: Foul Ball, location: 2F
3-2: Grounds into double play, 3-6-3 (Groundball, 13, EV 87.5 MPH)
Top of the 8th over - 0 runs, 0 hits, 0 errors, 0 left on base; University of Florida 7 - University of Maine 17
BOTTOM OF THE 8TH
University of Maine Black Bears batting - Pitching for University of Florida Gators : LHP Jim Unknown
Batting: RHB Jay Mellon 0-0: Ball
1-0: Foul Ball, location: 2F
1-1: Ground out 4-3 (Groundball, 4, EV 86.9 MPH)
Batting: RHB Mark Cozens 0-0: Foul Ball, location: 2F
0-1: Reached on error, E6 (Groundball, 6, EV 79.4 MPH)
Batting: RHB Geoffrey Potter 0-0: Ball
1-0: Called Strike
1-1: Ball
2-1: Foul Ball, location: 2F
2-2: Fly out, F9 (Flyball, 89S, EV 86.2 MPH)
Pinch Hitting: RHB Colin Morris 0-0: Swinging Strike
0-1: Ball
1-1: Ground out U3 (Groundball, 3, EV 76.9 MPH)
Bottom of the 8th over - 0 runs, 0 hits, 1 error, 1 left on base; University of Florida 7 - University of Maine 17
TOP OF THE 9TH
University of Florida Gators batting - Pitching for University of Maine Black Bears : RHP Jim Unknown
Now at 3B: Colin Morris
Pinch Hitting: RHB Martin Dudley 0-0: Called Strike
0-1: Swinging Strike
0-2: Foul Ball, location: 2F
0-2: Ball
1-2: Foul Ball, location: 2F
1-2: Fly out, F8 (Flyball, 8LXD, EV 103.8 MPH)
Pinch Hitting: RHB Mike Stein 0-0: Called Strike
0-1: Ground out 5-3 (Groundball, 56, EV 110.0 MPH)
Batting: RHB Luis Cabera 0-0: Called Strike
0-1: Ball
1-1: Fly out, F9 (Flyball, 8RS, EV 91.2 MPH)
Top of the 9th over - 0 runs, 0 hits, 0 errors, 0 left on base; University of Florida 7 - University of Maine 17
Wednesday, June 22nd , 2022 - OOTP Baseball 23.4 Build 64